 Dungeon Sprint DCSS version 0.26-a0-720-g2a1d101370 (webtiles) character file.

Game seed: 3712157457945694157

140 mhtbhm the Spear-Bearer (level 5, -5/48 HPs)
             Began as a Merfolk Berserker on Nov 2, 2020.
             Was a Priest of Trog.
             Slain by an orc
             ... wielding a +0 mace
              (10 damage)
             ... in the Dungeon (Sprint IX: "|||||||||||||||||||||||||||||").
             The game lasted 00:00:21 (166 turns).

mhtbhm the Spear-Bearer (Merfolk Berserker)          Turns: 166, Time: 00:00:21

Health: -5/48      AC:  2    Str: 19    XL:     5   Next: 23%
Magic:  5/5        EV: 15    Int:  6    God:    Trog [***...]
Gold:   0          SH:  0    Dex: 13    Spells: 4/4 levels left

rFire    . . .     SeeInvis .   a - +0 spear
rCold    . . .     Faith    .   (no shield)
rNeg     . . .     Spirit   .   b - +0 animal skin
rPois    .         Reflect  .   (no helmet)
rElec    .         Harm     .   (no cloak)
rCorr    .         Rampage  .   (no gloves)
MR       .....     NoTele   +   (no boots)
Stlth    +.........             (no amulet)
HPRegen  0.16/turn              (no ring)
MPRegen  0.09/turn              (no ring)

@: berserk cooldown, slowed, very slow
A: change form in water, swift swim, stealthy swim
a: Berserk, Trog's Hand, Renounce Religion


You were in the Dungeon.
You worshipped Trog.
Trog was most pleased with you.
You visited 1 branch

Inventory:

Hand Weapons
 a - a +0 spear (weapon)
Armour
 b - a +0 animal skin (worn)
Scrolls
 h - a scroll of blinking
Potions
 d - a potion of heal wounds
 e - a potion of haste
 f - 2 potions of magic
 g - a potion of berserk rage


   Skills:
 + Level 7.2 Fighting
 + Level 10.2 Polearms
 + Level 2.6 Armour
 + Level 5.5 Dodging


You had 4 spell levels left.
You didn't know any spells.
Your spell library was empty.

Dungeon Overview and Level Annotations

Branches:
Dungeon (1/1)

Altars:


Message History

The orc closely misses you.
You hit the orc but do no damage.
The orc is heavily wounded.
The orc misses you.
You hit the orc but do no damage.
The orc is heavily wounded.
The orc closely misses you.
You hit the orc but do no damage.
The orc is heavily wounded.
You hit the orc but do no damage.
The orc is heavily wounded.
The orc misses you.
You hit the orc but do no damage.
The orc is heavily wounded.
The orc closely misses you.
You hit the orc but do no damage.
The orc is heavily wounded.
You are no longer corroded.
The orc hits you with a +0 mace!
You die... ▓▓▓▓▓▓▓▓▓▓▓▓▓▓▓▓▓▓ +....o@(..))(...<▓ ▓▓▓▓▓▓▓▓▓▓▓▓▓▓▓▓▓▓

You could see an orc.

Vanquished Creatures
  A centaur (D)
  A jelly (D)
  A worker ant (D)
  An adder zombie (D)
  A goblin (D)
  4 kobolds (D)
9 creatures vanquished.

Notes
Turn   | Place    | Note
-------+----------+-------------------------------------------
     0 | D        | mhtbhm the Merfolk Berserker began the quest for the Orb.
     0 | D        | Reached XP level 1. HP: 18/18 MP: 1/1
     9 | D        | Reached skill level 5 in Polearms
    11 | D        | Reached ** piety under Trog
   121 | D        | Noticed a worker ant
   121 | D        | Noticed a centaur
   121 | D        | Noticed a jelly
   125 | D        | Reached XP level 2. HP: 25/25 MP: 2/2
   128 | D        | Reached *** piety under Trog
   128 | D        | Reached skill level 5 in Fighting
   128 | D        | Reached skill level 7 in Polearms
   128 | D        | Reached XP level 3. HP: 28/33 MP: 3/3
   139 | D        | Killed a centaur
   139 | D        | Reached skill level 9 in Polearms
   139 | D        | Reached skill level 5 in Dodging
   139 | D        | Reached XP level 4. HP: 18/41 MP: 4/4
   139 | D        | Reached XP level 5. HP: 21/47 MP: 5/5
   148 | D        | Reached skill level 10 in Polearms
   166 | D        | Slain by an orc

Illustrated notes

Levels and vault maps discovered:
D:        linesprint [early_d, line_temple, items_1, d_10, items_2, lair_1,
          lair_end, items_3, orc_1, orc_end, items_4, d_15, swamp_1, shoals_1,
          snake_1, spider_1, d_20, vaults_1, items_5, swamp_end, shoals_end,
          snake_end, spider_end, vaults_end, d_27, items_6, zot_1, zot_end,
          crypt_end, forest_end, elf_end, slime_end, tomb_end, abyss_end,
          pan_hell_end]

Skill      XL: |  1  2  3  4  5 |
---------------+----------------+-----
Polearms       | 5 7 9 10 | 10.2
Dodging        | 3 4 5 |  5.5
Fighting       | 4 5 6 7 |  7.2
Armour         | 2 |  2.6

Action                   |  1- 3 |  4- 6 || total
-------------------------+-------+-------++-------
Melee: Spear             |    27 |    24 ||    51
Invok: Berserk           |     1 |       ||     1
  Use: Potion            |       |     1 ||     1
Armor: Animal skin       |     1 |       ||     1
Dodge: Dodged            |    13 |    16 ||    29

Table legend: (Time is in decaauts)
 A = Elapsed time spent in this place.
 B = Non-inter-level travel time spent in this place.
 C = Inter-level travel time spent in this place.
 D = Time resting spent in this place.
 E = Time spent auto-exploring this place.
 F = Levels seen in this place.
 G = Mean time per level.
                   A        B        C        D        E       F      G
               +--------+--------+--------+--------+--------+-----+--------+
         Total |    152 |    152 |      0 |    100 |      3 |   1 |  152.0 |
       Dungeon |    152 |    152 |      0 |    100 |      3 |   1 |  152.0 |
               +--------+--------+--------+--------+--------+-----+--------+

Top non-repeatable levels by time:
       D: 152 daAuts
